BSA
NASSAU ROCKETS @ NEW YORK KNIGHTS
06/01/2030
 
TOP OF THE 1ST
Nassau Rockets batting - Pitching for New York Knights : LHP Steven England
Pitching: LHP Steven England
Batting: RHB Wallace Greene 0-0: Ball
1-0: Foul Ball, location: 2F
1-1: Foul Ball, location: 2F
1-2: Ball
2-2: Hit by Pitch
Batting: RHB Jesús Villalobos 0-0: Called Strike
0-1: Ball
1-1: Foul Ball, location: 2F
1-2: 2-RUN HOME RUN (Flyball, 7D), Distance : 365 ft
Batting: RHB Dexter Potter 0-0: Ball
1-0: Foul Ball, location: 2F
1-1: Ball
2-1: Called Strike
2-2: Ball
3-2: Base on Balls
Batting: RHB Salvador Borbón 0-0: Foul Ball, location: 2F
0-1: Ball
1-1: Foul Ball, location: 2F
1-2: Foul Ball, location: 2F
1-2: Strikes out swinging
Batting: LHB Andrew Alvarado 0-0: Fielders Choice at 2nd, 6-4 (Groundball, 6)
Batting: LHB Dusty Wilson 0-0: Fly out, F5 (Popup, 15)
Top of the 1st over - 2 runs, 1 hit, 0 errors, 1 left on base; Nassau 2 - New York 0
BOTTOM OF THE 1ST
New York Knights batting - Pitching for Nassau Rockets : LHP Ben Moody
Pitching: LHP Ben Moody
Batting: LHB Bernardo Rodríguez 0-0: Ground out 5-3 (Groundball, 56)
Batting: LHB Bob Campbell 0-0: Called Strike
0-1: SINGLE (Line Drive, 8LS)
Batting: RHB Vic Langlois 0-0: Ball
Bob Campbell steals 2nd base
1-0: Ball
2-0: Called Strike
2-1: 2-RUN HOME RUN (Line Drive, 9LD), Distance : 326 ft
Batting: RHB Jacob Pope 0-0: Called Strike
0-1: Ball
1-1: Ball
2-1: Foul Ball, location: 2F
2-2: Foul Ball, location: 2F
2-2: Foul Ball, location: 2F
2-2: Ground out 5-3 (Groundball, 25)
Batting: LHB Bill McCraney 0-0: Ball
1-0: Swinging Strike
1-1: Ball
2-1: Foul Ball, location: 2F
2-2: Strikes out looking
Bottom of the 1st over - 2 runs, 2 hits, 0 errors, 0 left on base; Nassau 2 - New York 2
TOP OF THE 2ND
Nassau Rockets batting - Pitching for New York Knights : LHP Steven England
Batting: RHB Brant Sherman 0-0: Ball
1-0: Fly out, F8 (Flyball, 8LD)
Batting: RHB Kenji Kudo 0-0: Ground out 4-3 (Groundball, 4)
Batting: RHB Aaron Wilson 0-0: Ball
1-0: SINGLE (Groundball, 34D)
Batting: RHB Wallace Greene 0-0: Ball
1-0: Called Strike
1-1: Foul Ball, location: 2F
1-2: Ball
2-2: Fly out, F8 (Flyball, 8LM)
Top of the 2nd over - 0 runs, 1 hit, 0 errors, 1 left on base; Nassau 2 - New York 2
BOTTOM OF THE 2ND
New York Knights batting - Pitching for Nassau Rockets : LHP Ben Moody
Batting: LHB José Peralta 0-0: Ball
1-0: Called Strike
1-1: Swinging Strike
1-2: Ball
2-2: Strikes out swinging
Batting: RHB Robert Downing 0-0: Called Strike
0-1: Swinging Strike
0-2: Strikes out swinging
Batting: LHB César Rodríguez 0-0: Ball
1-0: Ball
2-0: Foul Ball, location: 2F
2-1: Foul Ball, location: 2F
2-2: Foul Ball, location: 2F
2-2: Strikes out swinging
Bottom of the 2nd over - 0 runs, 0 hits, 0 errors, 0 left on base; Nassau 2 - New York 2
TOP OF THE 3RD
Nassau Rockets batting - Pitching for New York Knights : LHP Steven England
Batting: RHB Jesús Villalobos 0-0: Foul Ball, location: 2F
0-1: SINGLE (Flyball, 78S)
Batting: RHB Dexter Potter 0-0: Called Strike
0-1: Foul Ball, location: 2F
0-2: Ball
1-2: Fly out, F8 (Flyball, 89D)
Batting: RHB Salvador Borbón 0-0: Called Strike
Jesús Villalobos steals 2nd base
0-1: 2-RUN HOME RUN (Flyball, 7LD), Distance : 353 ft
Batting: LHB Andrew Alvarado 0-0: Foul Ball, location: 2F
0-1: Called Strike
0-2: Foul Ball, location: 2F
0-2: Fly out, F7 (Flyball, 7D)
Batting: LHB Dusty Wilson 0-0: Ground out 4-3 (Groundball, 4)
Top of the 3rd over - 2 runs, 2 hits, 0 errors, 0 left on base; Nassau 4 - New York 2
BOTTOM OF THE 3RD
New York Knights batting - Pitching for Nassau Rockets : LHP Ben Moody
Batting: SHB Chris Young 0-0: SINGLE (Groundball, 56D)
Batting: LHB Bernardo Rodríguez 0-0: Called Strike
0-1: Ball
1-1: Called Strike
1-2: Strikes out swinging
Batting: LHB Bob Campbell 0-0: Foul Ball, location: 2F
0-1: Ball
1-1: Ball
2-1: Called Strike
2-2: Ball
3-2: Strikes out swinging
Batting: RHB Vic Langlois 0-0: Called Strike
0-1: Foul Ball, location: 2F
0-2: Foul Ball, location: 2F
0-2: DOUBLE (Flyball, 8RXD)
Chris Young to third
Runner from 3rd tries for Home, SAFE, no throw
Batting: RHB Jacob Pope 0-0: Swinging Strike
0-1: Called Strike
0-2: Strikes out looking
Bottom of the 3rd over - 1 run, 2 hits, 0 errors, 1 left on base; Nassau 4 - New York 3
TOP OF THE 4TH
Nassau Rockets batting - Pitching for New York Knights : LHP Steven England
Batting: RHB Brant Sherman 0-0: Fly out, F9 (Line Drive, 9S)
Batting: RHB Kenji Kudo 0-0: SINGLE (Flyball, 89M)
Batting: RHB Aaron Wilson 0-0: Foul Ball, location: 2F
0-1: Ground out 2-3 (Groundball, 15S)
Kenji Kudo to second
Batting: RHB Wallace Greene 0-0: DOUBLE (Line Drive, 7LM)
Kenji Kudo scores
Batting: RHB Jesús Villalobos 0-0: Called Strike
0-1: Ball
1-1: Foul Ball, location: 2F
1-2: Foul Ball, location: 2F
1-2: Ball
2-2: Ball
3-2: SINGLE (Groundball, 56D)
Wallace Greene to third
Wallace Greene scores
Batting: RHB Dexter Potter 0-0: Swinging Strike
0-1: Fly out, F8 (Flyball, 8RXD)
Top of the 4th over - 2 runs, 3 hits, 0 errors, 1 left on base; Nassau 6 - New York 3
BOTTOM OF THE 4TH
New York Knights batting - Pitching for Nassau Rockets : LHP Ben Moody
Batting: LHB Bill McCraney 0-0: Ball
1-0: Called Strike
1-1: Ground out U3 (Groundball, 3S)
Batting: LHB José Peralta 0-0: Ball
1-0: Called Strike
1-1: Swinging Strike
1-2: Strikes out swinging
Batting: RHB Robert Downing 0-0: Called Strike
0-1: Ball
1-1: Ground out 1-3 (Groundball, 13S)
Bottom of the 4th over - 0 runs, 0 hits, 0 errors, 0 left on base; Nassau 6 - New York 3
TOP OF THE 5TH
Nassau Rockets batting - Pitching for New York Knights : LHP Steven England
Batting: RHB Salvador Borbón 0-0: Ball
1-0: Swinging Strike
1-1: Fly out, F8 (Flyball, 8RS)
Batting: LHB Andrew Alvarado 0-0: SINGLE (Line Drive, 78S)
Batting: LHB Dusty Wilson 0-0: Called Strike
0-1: Ball
1-1: Fielders Choice at 2nd, 4-6 (Groundball, 34)
Batting: RHB Brant Sherman 0-0: Fly out, F7 (Line Drive, 7D)
Top of the 5th over - 0 runs, 1 hit, 0 errors, 1 left on base; Nassau 6 - New York 3
BOTTOM OF THE 5TH
New York Knights batting - Pitching for Nassau Rockets : LHP Ben Moody
Batting: LHB César Rodríguez 0-0: Called Strike
0-1: Ball
1-1: SINGLE (Groundball, 4MD)
Batting: SHB Chris Young 0-0: Grounds into double play, 5-4-3 (Groundball, 56)
Batting: LHB Bernardo Rodríguez 0-0: Ball
1-0: Foul Ball, location: 2F
1-1: Foul Ball, location: 2F
1-2: Strikes out swinging
Bottom of the 5th over - 0 runs, 1 hit, 0 errors, 0 left on base; Nassau 6 - New York 3
TOP OF THE 6TH
Nassau Rockets batting - Pitching for New York Knights : LHP Steven England
Batting: RHB Kenji Kudo 0-0: Called Strike
0-1: DOUBLE (Line Drive, 78D)
Batting: RHB Aaron Wilson 0-0: Ball
1-0: Foul Ball, location: 2F
1-1: SINGLE (Groundball, 34D)
Kenji Kudo to third
Pitching: RHP James Jones
Batting: RHB Wallace Greene 0-0: Swinging Strike
0-1: Swinging Strike
0-2: Ball
1-2: Ball
2-2: Ball
3-2: Base on Balls
Aaron Wilson to second
Batting: RHB Jesús Villalobos 0-0: Ball
1-0: Foul Ball, location: 2F
1-1: Ball
2-1: SINGLE (Groundball, 6M)
Kenji Kudo scores
Aaron Wilson to third
Wallace Greene to second
Batting: RHB Dexter Potter 0-0: SINGLE (Groundball, 34D)
Aaron Wilson scores
Wallace Greene to third
Jesús Villalobos to second
Runner from 3rd tries for Home, SAFE, no throw
Batting: RHB Salvador Borbón 0-0: Called Strike
Jesús Villalobos steals 3rd base
0-1: Swinging Strike
0-2: Ball
1-2: Strikes out swinging
Batting: LHB Andrew Alvarado 0-0: Ball
1-0: Ball
2-0: Ball
3-0: Fly out, F7 (Flyball, 78M)
Runner from 3rd tags up, SCORES, throw made
Batting: LHB Dusty Wilson 0-0: Ball
1-0: Swinging Strike
1-1: Ball
2-1: Ball
3-1: Called Strike
3-2: Foul Ball, location: 2F
3-2: Base on Balls
Dexter Potter to second
Batting: RHB Brant Sherman 0-0: Ball
1-0: Called Strike
1-1: Foul Ball, location: 2F
1-2: Ball
2-2: Foul Ball, location: 2F
2-2: Strikes out swinging
Top of the 6th over - 4 runs, 4 hits, 0 errors, 2 left on base; Nassau 10 - New York 3
BOTTOM OF THE 6TH
New York Knights batting - Pitching for Nassau Rockets : LHP Ben Moody
Batting: LHB Bob Campbell 0-0: Called Strike
0-1: SINGLE (Groundball, 6S) (infield hit)
Batting: RHB Vic Langlois 0-0: Ball
1-0: Ball
2-0: 2-RUN HOME RUN (Flyball, 9LD), Distance : 340 ft
Pitching: RHP Esteban Juárez
Batting: RHB Jacob Pope 0-0: Ball
1-0: Ball
2-0: Ground out 1-3 (Groundball, 13S)
Batting: LHB Bill McCraney 0-0: Ground out U3 (Groundball, 34S)
Batting: LHB José Peralta 0-0: Called Strike
0-1: Foul Ball, location: 2F
0-2: Ball
1-2: DOUBLE (Groundball, 3L)
Batting: RHB Robert Downing 0-0: Called Strike
0-1: Ball
1-1: Foul Ball, location: 2F
1-2: Foul Ball, location: 2F
1-2: Strikes out swinging
Bottom of the 6th over - 2 runs, 3 hits, 0 errors, 1 left on base; Nassau 10 - New York 5
TOP OF THE 7TH
Nassau Rockets batting - Pitching for New York Knights : RHP James Jones
Batting: RHB Kenji Kudo 0-0: Ball
1-0: Foul Ball, location: 2F
1-1: Ball
2-1: Swinging Strike
2-2: Ball
3-2: Foul Ball, location: 2F
3-2: Strikes out swinging
Batting: RHB Aaron Wilson 0-0: Ground out 4-3 (Groundball, 4M)
Batting: RHB Wallace Greene 0-0: Called Strike
0-1: Ball
1-1: Ground out 5-3 (Groundball, 5S)
Top of the 7th over - 0 runs, 0 hits, 0 errors, 0 left on base; Nassau 10 - New York 5
BOTTOM OF THE 7TH
New York Knights batting - Pitching for Nassau Rockets : RHP Esteban Juárez
Batting: LHB César Rodríguez 0-0: Called Strike
0-1: Ball
1-1: Foul Ball, location: 2F
1-2: Ball
2-2: Fly out, F8 (Line Drive, 8LM)
Batting: SHB Chris Young 0-0: Reached on error, E3 (Groundball, 34)
Batting: LHB Bernardo Rodríguez 0-0: Ball
1-0: Ball
2-0: Foul Ball, location: 2F
2-1: Foul Ball, location: 2F
2-2: Ball
3-2: Ground out 4-3 (Groundball, 4S)
Chris Young to second
Batting: LHB Bob Campbell 0-0: SINGLE (Flyball, 6MD)
Chris Young to third
Runner from 3rd tries for Home, SAFE, no throw
Batting: RHB Vic Langlois 0-0: Ball
Bob Campbell steals 2nd base
1-0: Called Strike
1-1: Ball
2-1: Foul Ball, location: 2F
2-2: Ball
3-2: Base on Balls
Batting: RHB Jacob Pope 0-0: Ball
1-0: Swinging Strike
1-1: Ball
2-1: Called Strike
2-2: Ball
3-2: Fly out, F8 (Flyball, 89D)
Bottom of the 7th over - 1 run, 1 hit, 1 error, 2 left on base; Nassau 10 - New York 6
TOP OF THE 8TH
Nassau Rockets batting - Pitching for New York Knights : RHP James Jones
Pitching: LHP Henny van der Lack
Batting: RHB Jesús Villalobos 0-0: Ball
1-0: Called Strike
1-1: Ball
2-1: Called Strike
2-2: Strikes out swinging
Batting: RHB Dexter Potter 0-0: Called Strike
0-1: Called Strike
0-2: Ball
1-2: Ball
2-2: Strikes out swinging
Batting: RHB Salvador Borbón 0-0: Called Strike
0-1: Ball
1-1: Ball
2-1: Swinging Strike
2-2: Ball
3-2: Base on Balls
Batting: LHB Andrew Alvarado 0-0: SINGLE (Groundball, 6MS) (infield hit)
Salvador Borbón to second
Batting: LHB Dusty Wilson 0-0: Fly out, F2 (Popup, 2L)
Top of the 8th over - 0 runs, 1 hit, 0 errors, 2 left on base; Nassau 10 - New York 6
BOTTOM OF THE 8TH
New York Knights batting - Pitching for Nassau Rockets : RHP Esteban Juárez
Batting: LHB Bill McCraney 0-0: Called Strike
0-1: Ground out 6-3 (Groundball, 6)
Batting: LHB José Peralta 0-0: Ball
1-0: Fly out, F9 (Line Drive, 9LM)
Batting: RHB Robert Downing 0-0: Called Strike
0-1: Ball
1-1: Ball
2-1: Ball
3-1: Swinging Strike
3-2: Foul Ball, location: 2F
3-2: Foul Ball, location: 2F
3-2: Fly out, F8 (Flyball, 8LM)
Bottom of the 8th over - 0 runs, 0 hits, 0 errors, 0 left on base; Nassau 10 - New York 6
TOP OF THE 9TH
Nassau Rockets batting - Pitching for New York Knights : LHP Henny van der Lack
Batting: RHB Brant Sherman 0-0: Ball
1-0: Foul Ball, location: 2F
1-1: Ball
2-1: Swinging Strike
2-2: Ball
3-2: SINGLE (Groundball, 4MD)
Batting: RHB Kenji Kudo 0-0: Ball
1-0: Grounds into double play, 6-4-3 (Groundball, 6)
Batting: RHB Aaron Wilson 0-0: Called Strike
0-1: SINGLE (Groundball, 4MD)
Batting: RHB Wallace Greene 0-0: Ball
1-0: Called Strike
1-1: Fielders Choice at 2nd, 5-4 (Groundball, 5)
Top of the 9th over - 0 runs, 2 hits, 0 errors, 1 left on base; Nassau 10 - New York 6
BOTTOM OF THE 9TH
New York Knights batting - Pitching for Nassau Rockets : RHP Esteban Juárez
Batting: LHB César Rodríguez 0-0: Called Strike
0-1: Ball
1-1: SINGLE (Groundball, 5D)
Pitching: RHP Bill Sampson
Batting: SHB Chris Young 0-0: Ball
1-0: SINGLE (Flyball, 7S)
César Rodríguez to second
Pitching: LHP Dennis Taylor
Batting: LHB Bernardo Rodríguez 0-0: Foul Ball, location: 2F
0-1: Swinging Strike
0-2: Strikes out swinging
Batting: LHB Bob Campbell 0-0: SINGLE (Flyball, 89S)
César Rodríguez to third
Chris Young to second
Batting: RHB Vic Langlois 0-0: Called Strike
0-1: Ball
1-1: Ball
2-1: Swinging Strike
2-2: Ball
3-2: Foul Ball, location: 2F
3-2: Base on Balls
César Rodríguez scores
Chris Young to third
Bob Campbell to second
Batting: RHB Jacob Pope 0-0: Ball
1-0: SINGLE (Flyball, 78S)
Chris Young scores
Bob Campbell to third
Vic Langlois to second
Pinch Hitting: RHB Enrico Rodríguez 0-0: Ball
1-0: Called Strike
1-1: Ball
2-1: Ball
3-1: SINGLE (Groundball, 6M) (infield hit)
Bob Campbell scores
Vic Langlois to third
Jacob Pope to second
Batting: LHB José Peralta 0-0: Foul Ball, location: 2F
0-1: Called Strike
0-2: Ball
1-2: Ball
2-2: Strikes out swinging
Batting: RHB Robert Downing 0-0: Called Strike
0-1: SINGLE (Line Drive, 34)
Vic Langlois scores
Jacob Pope to third
Enrico Rodríguez to second
Runner from 3rd tries for Home, SAFE, no throw
Saturday, April 7th, 2018 - OOTP Baseball 18.8 Build 76